 Dungeon Crawl Stone Soup version 0.30-a0-241-g1121274140 (webtiles) character file.

Game seed: 16984797238994599034

312542 heikuro the Impaler (level 22, -10/182 HPs)
             Began as a Formicid Fighter on Oct 9, 2022.
             Was the Champion of Okawaru.
             Mangled by a quicksilver ooze (15 damage)
             ... on level 5 of the Pits of Slime on Oct 11, 2022.
             The game lasted 02:29:15 (53712 turns).

heikuro the Impaler (Formicid Fighter)             Turns: 53712, Time: 02:29:16

Health: -10/182    AC: 28    Str: 42    XL:     22   Next: 25%
Magic:  35/35      EV: 12    Int: 22    God:    Okawaru [******]
Gold:   2399       SH: 30    Dex: 16    Spells: 21/21 levels left

rFire   + + .      SeeInvis +    o - +5 scythe "Finisher" {speed, eviscerate}
rCold   + . .      Faith    .    j - +0 tower shield of Otot {rF+ Int+4 Dex+3}
rNeg    + . .      Spirit   .    X - +5 plate armour "Vaozeq" {rF+}
rPois   .          Reflect  +    (helmet unavailable)
rElec   +          Harm     .    M - +0 cloak {rC+}
rCorr   +          Rampage  .    T - +2 pair of gloves
Will    ++...                    h - +3 pair of boots of the Past {rElec Int+6}
Stlth   ..........               y - amulet "Beutenut" {Reflect rN+ SH+5}
HPRegen 0.50/turn                P - +6 ring of strength
MPRegen 0.24/turn                p - ring "Bipt" {rCorr Str+8}

@: heroic, engulfed (cannot breathe), corroded, studying Polearms
A: permanent stasis, dig shafts and tunnels, antennae 3, four strong arms,
hooves 1, mutation resistance 1
}: 2/15 runes: decaying, serpentine
a: Dig, Shaft Self, Renounce Religion, Heroism, Finesse, Duel


You were on level 5 of the Pits of Slime.
You worshipped Okawaru.
Okawaru was exalted by your worship.
You visited 8 branches of the dungeon, and saw 39 of its levels.
You visited 1 bazaar.
You also visited: Ossuary, Bailey and Ice Cave.

You collected 4429 gold pieces.
You spent 2030 gold pieces at shops.

Inventory:

Hand Weapons
 a - a +3 vorpal demon trident
 b - the +12 glaive of Prune {vorpal}
   (You bought it in a shop on level 7 of the Dungeon)

   It inflicts extra damage upon your enemies.
   It halves damage taken while paralysed, petrified or unconscious.
 o - the +5 scythe "Finisher" (weapon) {speed, eviscerate}
   (Okawaru gifted it to you on level 5 of the Lair of Beasts)

   Attacks with this weapon are significantly faster.
   It may eviscerate those it strikes, slaying them instantly, with a decreasing
   chance against stronger foes.
 S - a +0 spectral lajatang
Missiles
 w - 2 throwing nets (quivered)
 Q - 9 curare-tipped darts
Armour
 h - the +3 pair of boots of the Past (worn) {rElec Int+6}
   (Okawaru gifted it to you on level 1 of the Snake Pit)

   Int:       It affects your intelligence (+6).
   rElec:     It insulates you from electricity.
 j - the +0 tower shield of Otot (worn) {rF+ Int+4 Dex+3}
   (Okawaru gifted it to you on level 3 of the Snake Pit)

   Int:       It affects your intelligence (+4).
   Dex:       It affects your dexterity (+3).
   rF:        It protects you from fire.
 G - a +4 plate armour of poison resistance
 L - the +0 pair of boots of Kis Sev {rPois}
   (You bought it in a shop on level 7 of the Dungeon)

   rPois:     It protects you from poison.
 M - a +0 cloak of cold resistance (worn)
 T - a +2 pair of gloves (worn)
 X - the +5 plate armour "Vaozeq" (worn) {rF+}
   (Okawaru gifted it to you on level 13 of the Dungeon)

   rF:        It protects you from fire.
 Y - the +2 scale mail "Geseimij" {rC+ Int+3 Slay+6}
   (You found it on level 12 of the Dungeon)

   Int:       It affects your intelligence (+3).
   Slay:      It affects your accuracy & damage with ranged weapons and melee
   (+6).
   rC:        It protects you from cold.
Jewellery
 n - a ring of flight
 p - the ring "Bipt" (right hand) {rCorr Str+8}
   (You found it on level 3 of the Dungeon)

   [ring of resist corrosion]

   Str:       It affects your strength (+8).
   rCorr:     It protects you from acid and corrosion.
 t - the ring of Vehumet's Hope {Wiz MP+9 Str+2 Int+4 Dex+4}
   (You found it on level 3 of the Snake Pit)

   [ring of wizardry]

   It improves your spell success rate.
   Str:       It affects your strength (+2).
   Int:       It affects your intelligence (+4).
   Dex:       It affects your dexterity (+4).
   MP:        It affects your magic capacity (+9).
 u - a +6 ring of dexterity
 y - the amulet "Beutenut" (around neck) {Reflect rN+ SH+5}
   (You found it on level 3 of the Elven Halls)

   [amulet of reflection]

   It reflects blocked missile attacks.
   rN:        It protects you from negative energy.
   SH:        It affects your SH (+5).
 A - a ring of willpower
 N - a +4 ring of protection
 O - the ring of the Death Scarab {Fly rElec Int+4 Dex-3}
   (You found it on level 3 of the Elven Halls)

   [ring of flight]

   Int:       It affects your intelligence (+4).
   Dex:       It affects your dexterity (-3).
   rElec:     It insulates you from electricity.
   Fly:       It grants you flight.
 P - a +6 ring of strength (left hand)
 R - a ring of fire
 V - a ring of protection from cold
Wands
 e - a wand of polymorph (6)
 s - a wand of flame (61)
 C - a wand of mindburst (18)
 J - a wand of roots (30)
 K - a wand of digging (8)
Scrolls
 c - 4 scrolls of fog
 k - 9 scrolls of enchant armour
 q - 22 scrolls of identify
 v - 7 scrolls of enchant weapon
 x - 2 scrolls of magic mapping
 D - 3 scrolls of fear
 E - 6 scrolls of poison
 W - a scroll of silence
Potions
 d - 15 potions of might
 f - 6 potions of heal wounds
 g - 8 potions of ambrosia
 l - 23 potions of curing
 m - 11 potions of flight
 r - 6 potions of cancellation
 B - 2 potions of magic
 F - 8 potions of lignification
 H - 2 potions of resistance
 I - 4 potions of invisibility
 U - a potion of brilliance
Miscellaneous
 i - a tin of tremorstones (2/2)
 z - a phial of floods (inert)
 Z - a piece from Xom's chessboard (15/15)


   Skills:
 + Level 17.6(22.6) Fighting
 - Level 13.6(23.8) Axes
 * Level 20.9(27) Polearms
 + Level 17.6(22.6) Armour
 + Level 20.6(25.6) Shields
 + Level 18.5 Invocations


You had 21 spell levels left.
You didn't know any spells.
Your spell library contained the following spells:

 Spells                   Type           Power      Damage    Failure   Level
 Apportation              Tloc           0%         N/A       43%         1
 Beastly Appendage        Tmut           0%         N/A       43%         1
 Foxfire                  Conj/Fire      0%         2x1d4     43%         1
 Freeze                   Ice            0%         1d3       43%         1
 Kiss of Death            Conj/Necr      0%         2d5       43%         1
 Magic Dart               Conj           0%         1d3       43%         1
 Necrotise                Necr           0%         1d4       43%         1
 Sandblast                Erth           0%         2d4       43%         1
 Slow                     Hex            0%         N/A       43%         1
 Cigotuvi's Dreadful Rot  Necr/Pois/Air  0%         N/A       56%         2
 Ensorcelled Hibernation  Hex/Ice        0%         N/A       56%         2
 Momentum Strike          Conj/Tloc      0%         3d8       56%         2
 Passwall                 Tmut/Erth      0%         N/A       56%         2
 Searing Ray              Conj           0%         2d4       56%         2
 Static Discharge         Conj/Air       0%         2-2/arc   56%         2
 Sublimation of Blood     Necr           0%         N/A       56%         2
 Wereblood                Tmut           0%         N/A       56%         2
 Confusing Touch          Hex            0%         N/A       80%         3
 Frozen Ramparts          Ice            0%         1d1       80%         3
 Hailstorm                Conj/Ice       0%         3d3       80%         3
 Ignite Poison            Fire/Tmut/Pois 0%         N/A       80%         3
 Inner Flame              Hex/Fire       0%         N/A       80%         3
 Kindle Blastsparks       Fire/Tloc/Air  0%         2d10      80%         3
 Lesser Beckoning         Tloc           0%         N/A       80%         3
 Mephitic Cloud           Conj/Pois/Air  0%         N/A       80%         3
 Ozocubu's Armour         Ice            0%         N/A       80%         3
 Spider Form              Tmut/Pois      0%         N/A       80%         3
 Stone Arrow              Conj/Erth      0%         3d7       80%         3
 Vampiric Draining        Necr           0%         2d6       80%         3
 Airstrike                Air            0%         2d(0-16)  99%         4
 Anguish                  Hex/Necr       0%         N/A       99%         4
 Dispel Undead            Necr           0%         3d6       99%         4
 Flame Wave               Conj/Fire      0%         2d4       99%         4
 Fulminant Prism          Conj/Hex       0%         3d6       99%         4
 Ice Form                 Ice/Tmut       0%         N/A       99%         4
 Iskenderun's Mystic Bla  Conj/Tloc      0%         2d3       99%         4
 Manifold Assault         Tloc           0%         N/A       99%         4
 Passage of Golubria      Tloc           0%         N/A       99%         4
 Sticky Flame             Conj/Fire      0%         2d3       99%         4
 Agony                    Necr           0%         N/A       100%        5
 Freezing Cloud           Conj/Ice/Air   0%         6-21      100%        5
 Iskenderun's Battlesphe  Conj           0%         2d6       100%        5
 Lee's Rapid Deconstruct  Erth           0%         3d5*      100%        5
 Lightning Bolt           Conj/Air       0%         1d11      100%        5
 Metabolic Englaciation   Hex/Ice        0%         N/A       100%        5
 Yara's Violent Unravell  Hex/Tmut       0%         3d3       100%        5
 Eringya's Noxious Bog    Tmut/Pois      0%         N/A       100%        6
 Iron Shot                Conj/Erth      0%         9d1       100%        6
 Enfeeble                 Hex            0%         N/A       100%        7
 Storm Form               Tmut/Air       0%         N/A       100%        7
 Summon Small Mammal      Summ           Unusable   N/A       N/A         1
 Blink                    Tloc           Unusable   N/A       N/A         2
 Call Imp                 Summ           Unusable   N/A       N/A         2
 Swiftness                Air            Unusable   N/A       N/A         3
 Tukima's Dance           Hex            Unusable   N/A       N/A         3
 Summon Lightning Spire   Summ/Air       Unusable   N/A       N/A         4
 Summon Forest            Summ/Tloc      Unusable   N/A       N/A         5
 Death Channel            Necr           Unusable   N/A       N/A         6
 Simulacrum               Ice/Necr       Unusable   N/A       N/A         6
 Spellforged Servitor     Conj/Summ      Unusable   N/A       N/A         7
 Summon Hydra             Summ           Unusable   N/A       N/A         7
 Infestation              Necr           Unusable   N/A       N/A         8

Dungeon Overview and Level Annotations

Branches:
Dungeon (15/15)            Temple (1/1) D:4            Lair (5/5) D:9
  Swamp (4/4) Lair:2        Snake (4/4) Lair:3        Slime (5/5) Lair:5
    Orc (2/2) D:10            Elf (3/3) Orc:2        Vaults (0/5) D:14
 Depths (0/4) D:15        Ossuary (visited)          Bailey (visited)
  IceCv (visited)

Altars:
Ashenzari
Cheibriados
Dithmenos
Elyvilon
Fedhas
Gozag
Hepliaklqana
Kikubaaqudgha
Makhleb
Nemelex Xobeh
Okawaru
Qazlal
Ru
Sif Muna
Trog
Uskayaw
Vehumet
Wu Jian
Xom
Yredelemnul
Zin
The Shining One
Jiyva

Shops:
D:4 *   D:7 (((:[   D:15 *   Orc:1 (?[   Orc:2 ?[=:   Elf:1 [   Elf:3 (([
Snake:1 :=(   Snake:4 [?[!


Innate Abilities, Weirdness & Mutations

You cannot be hasted, slowed, berserked, paralysed or teleported.
You can dig through walls and to a lower floor.
You have a pair of large antennae on your head. (SInv)
Your four strong arms can wield two-handed weapons with a shield.
You have large cloven feet.
You are somewhat resistant to further mutation.


Message History

Unknown command.
You feel much better.
* * * LOW HITPOINT WARNING * * *
Your lungs strain for air!
You block the quicksilver ooze's attack.
The quicksilver ooze hits you but does no damage.
The rockslime barely misses you.
You block the quicksilver ooze's attack. x2
You block the azure jelly's attack. The azure jelly closely misses you.
The azure jelly hits you but does no damage.
The azure jelly closely misses you. You block the acid blob's attack.
The quicksilver ooze barely misses you. x2; The acid blob hits you!
* * * LOW HITPOINT WARNING * * *
You are splashed with acid.
You resist.
* * * LOW HITPOINT WARNING * * *
You block the acid blob's attack.
Two slime creatures merge to form a large slime creature.
The rockslime hits you but does no damage.
Unknown command.
You feel much better.
* * * LOW HITPOINT WARNING * * *
Your lungs strain for air!
You block the quicksilver ooze's attack. x2
The quicksilver ooze hits you.
* * * LOW HITPOINT WARNING * * *
The quicksilver ooze hits you but does no damage.
The azure jelly splashes around in the water.
The azure jelly barely misses you. You block the azure jelly's attack.
The azure jelly splashes around in the water.
The acid blob spits acid at you. The splash of acid hits you. You resist.
* * * LOW HITPOINT WARNING * * *
The acid blob misses you.
The quicksilver ooze completely misses you.
You block the quicksilver ooze's attack.
The acid blob hits you but does no damage.
The rockslime hits you!
* * * LOW HITPOINT WARNING * * *
You hold your ground!
The quicksilver ooze hits you!
You die...

## { ##...................# #
#....................#
##..J................##
###....................#
#......................#
#####........J............##
..#...........JJJ........##
..............JJJJ........#
..............JJ@JJ..#......
..............~J.J#.###....##
................##### ##.##
...............## .#
...............##
................#
................##
.................#
..................


You could see 3 acid blobs, 3 azure jellies, a large slime creature, 3 slime
creatures, a rockslime and 4 quicksilver oozes.

Vanquished Creatures
  the Royal Jelly (Slime:5)
  Vashnia (Snake:4)
  Nikola (Snake:2)
  Mlioglotl (Snake:1)
  A tentacled monstrosity (Swamp:2)
  2 deep elf master archers (Elf:3)
  3 deep elf blademasters
  15 acid blobs
  The ghost of Soawkar the Warrior, an adept GrFi of Okawaru (Snake:1)
  Frances (Snake:1)
  Kirke (Lair:3)
  2 thorn hunters (Swamp:4)
  10 azure jellies
  10 rockslimes
  A fenstrider witch (Swamp:3)
  4 deep elf sorcerers (Elf:3)
  4 nagarajas
  Aizul (Snake:4)
  2 orc warlords (Orc:2)
  6 deep elf elementalists
  3 quicksilver oozes
  4 deep elf demonologists (Elf:3)
  5 eleionomae
  9 deep elf annihilators (Elf:3)
  A bunyip (Swamp:3)
  Nessos (Lair:5)
  An ettin (D:15)
  2 deep elf death magi (Elf:3)
  7 great orbs of eyes
  2 fire dragons (Swamp:3)
  3 deep elf high priests (Elf:3)
  A shambling mangrove (Swamp:1)
  Harold (D:11)
  25 hydras
  4 vault guards (D:13)
  A ghost crab (Swamp:2)
  A catoblepas (Lair:5)
  2 salamander tyrants (Snake:4)
  An ogre mage (D:15)
  Erica (Orc:1)
  3 centaur warriors (D:14)
  17 anacondas
  The ghost of Gilleps the Basher, a journeyman GrWn of Qazlal (Lair:1)
  26 dancing weapons
  3 death yaks (Lair:5)
  2 tengu warriors
  13 two-headed ogres
  2 alligators
  5 boulder beetles
  4 orc high priests (Orc:2)
  2 shock serpents
  16 naga warriors
  Sonja (D:11)
  13 naga sharpshooters
  5 spriggan berserkers (Elf:1)
  A deep troll shaman (Lair:5)
  A hell knight (D:15)
  2 skeletal warriors
  15 deep elf knights
  2 salamander mystics
  A goliath frog (Swamp:2)
  4 bog bodies
  8 naga ritualists
  6 spriggan druids
  13 swamp dragons
  A wizard (D:14)
  An orb spider (shapeshifter) (Elf:3)
  A deep troll (D:15)
  2 lindwurms (Swamp:3)
  7 deep elf archers
  29 deep elf pyromancers
  5 orc knights
  3 necromancers
  7 mana vipers
  3 orc sorcerers (Orc:2)
  21 deep elf zephyrmancers
  6 cyclopes
  A wolf spider (D:12)
  15 ugly things
  5 shining eyes
  An oklob plant (Lair:5)
  6 manticores
  8 salamanders
  13 elephants
  10 guardian serpents
  7 will-o-the-wisps
  32 black mambas
  18 naga magi
  12 cane toads
  An eye of devastation (Slime:5)
  4 gargoyles
  An ice statue (IceCv)
  6 unseen horrors (Elf:3)
  10 komodo dragons
  A kobold demonologist (D:13)
  2 freezing wraiths (IceCv)
  Maggie (D:7)
  4 rime drakes
  A tengu conjurer (D:14)
  13 ice devils (IceCv)
  2 efreet
  9 tyrant leeches
  6 polar bears
  6 trolls
  15 hornets
  14 blink frogs
  A polar bear (shapeshifter) (D:14)
  A dream sheep (Lair:5)
  110 slime creatures
  5 shadows
  2 air elementals (Elf:1)
  2 centaur simulacra
  4 vampires
  A dire elephant simulacrum (IceCv)
  5 water elementals
  4 wyverns
  Eustachio (D:6)
  2 humans (Lair:3)
  17 spriggans
  3 fire elementals
  33 yaks
  3 wraiths
  7 basilisks
  A golden eye (shapeshifter) (D:14)
  2 hogs (Lair:3)
  3 death yak simulacra (IceCv)
  4 golden eyes
  6 vampire mosquitoes
  3 steam dragons
  2 harpy simulacra (IceCv)
  4 wargs
  44 nagas
  23 swamp worms
  2 acid dragons (D:12)
  17 water moccasins
  3 hydra simulacra (IceCv)
  7 swamp drakes (Swamp:4)
  A floating eye (Slime:3)
  Duvessa (D:7)
  3 ice beasts (D:6)
  43 orc warriors
  4 black bears
  2 sky beasts (D:7)
  18 ogres
  6 centaurs
  6 wolves
  A phantom (D:5)
  9 kobold brigands
  A scorpion (D:5)
  3 necrophages
  An earth elemental (Elf:1)
  A gnoll sergeant (D:9)
  7 bullfrogs
  A two-headed ogre simulacrum (Orc:1)
  5 cane toad simulacra (IceCv)
  5 wights
  Dowan (D:7)
  4 elephant simulacra (IceCv)
  6 killer bees
  3 electric eels
  7 howler monkeys
  29 orc priests
  5 jellies
  3 gnoll boudas
  5 iguanas
  Ijyb (D:3)
  27 orc wizards
  Natasha (thrice) (D:3)
  5 hell rats
  5 polar bear simulacra
  A troll simulacrum (IceCv)
  6 spriggan simulacra
  6 wolf simulacra
  8 mummies (Ossuary)
  6 adders
  32 gnolls
  2 naga simulacra
  A shadow imp (D:5)
  A white imp (D:7)
  An ufetubus (IceCv)
  2 worms
  3 dart slugs (D:1)
  117 orcs
  6 bats
  5 endoplasms
  5 giant cockroaches
  2 gnoll zombies (Ossuary)
  6 hobgoblins
  9 jackals
  2 quokkas
  3 ball pythons (D:1)
  2 frilled lizards (D:1)
  10 goblins
  2 hobgoblin zombies (Ossuary)
  41 kobolds
  2 kobold zombies (Ossuary)
  2 orc zombies (Ossuary)
  4 rats
  4 briar patches (D:10)
  A bush (Lair:5)
1455 creatures vanquished.

Vanquished Creatures (others)
  A deep elf pyromancer (Elf:2)
  A bloated husk (Swamp:4)
  A worm (shapeshifter) (Elf:3)
  A kobold (D:6)
  31 foxfires
  15 fungi
  30 plants
80 creatures vanquished.

Grand Total: 1535 creatures vanquished

Notes
Turn   | Place    | Note
-------+----------+-------------------------------------------
     0 | D:1      | heikuro the Formicid Fighter began the quest for the Orb.
     0 | D:1      | Reached XP level 1. HP: 18/18 MP: 1/1
     7 | D:1      | Found a faded altar of an unknown god.
    45 | D:1      | Reached XP level 2. HP: 22/24 MP: 2/2
   191 | D:1      | Reached XP level 3. HP: 29/29 MP: 3/3
   755 | D:1      | Reached XP level 4. HP: 4/37 MP: 4/4
  1262 | D:2      | Reached XP level 5. HP: 42/42 MP: 5/5
  1268 | D:2      | Reached skill level 5 in Shields
  1503 | D:2      | Found a sparkling altar of Nemelex Xobeh.
  1723 | D:3      | Noticed Ijyb
  1730 | D:3      | Killed Ijyb
  1908 | D:3      | Reached XP level 6. HP: 35/49 MP: 6/6
  2026 | D:3      | Found an iron altar of Okawaru.
  2057 | D:3      | Became a worshipper of Warmaster Okawaru
  2061 | D:3      | Found an opulent altar of Gozag.
  2109 | D:3      | Identified the ring "Bipt" {rCorr Str+8}
  2294 | D:3      | Noticed Natasha
  2301 | D:3      | Killed Natasha
  2302 | D:3      | Reached skill level 1 in Invocations
  2569 | D:3      | Noticed Natasha
  2572 | D:3      | Killed Natasha
  2882 | D:3      | Found an opulent altar of Gozag.
  2913 | D:3      | Found an iron altar of Okawaru.
  3395 | D:3      | Noticed Natasha
  3408 | D:3      | Killed Natasha
  3409 | D:3      | Reached XP level 7. HP: 29/55 MP: 7/7
  3703 | D:4      | Found Giytwas's Gadget Gallery.
  3722 | D:4      | Found a staircase to the Ecumenical Temple.
  3730 | Temple   | Entered the Ecumenical Temple
  4919 | D:5      | Entered Level 5 of the Dungeon
  4948 | D:5      | Reached skill level 5 in Fighting
  4948 | D:5      | Reached skill level 5 in Polearms
  4960 | D:5      | Reached skill level 5 in Armour
  4960 | D:5      | Reached XP level 8. HP: 39/62 MP: 9/9
  5162 | D:5      | Got the Compilation of the Voltaic Volcanoes
  5181 | D:5      | Reached * piety under Okawaru
  5548 | D:5      | Found a stormy altar of Qazlal.
  6313 | D:6      | Reached XP level 9. HP: 63/69 MP: 10/12
  6475 | D:6      | Noticed Eustachio
  6485 | D:6      | Reached ** piety under Okawaru
  6502 | D:6      | Killed Eustachio
  6542 | D:6      | Found a sand-covered staircase.
  6549 | Ossuary  | Entered an ossuary
  6999 | D:6      | Reached skill level 5 in Invocations
  7283 | D:6      | Reached *** piety under Okawaru
  7559 | D:7      | Found Kutes's Antique Armour Shop.
  7603 | D:7      | Found Lapsuo's Weapon Boutique.
  7655 | D:7      | Reached XP level 10. HP: 63/77 MP: 11/14
  7760 | D:7      | Found a flagged portal.
  7776 | Bailey   | Entered a bailey
  8196 | Bailey   | Noticed an orc knight
  8206 | Bailey   | Killed an orc knight
  8341 | D:7      | Noticed Duvessa
  8346 | D:7      | Killed Duvessa
  8350 | D:7      | Noticed Dowan
  8352 | D:7      | Killed Dowan
  8383 | D:7      | Found Jyiwy's Antique Weapon Shoppe.
  8407 | D:7      | Reached **** piety under Okawaru
  8431 | D:7      | Found Hiffism's Book Shop.
  8690 | D:7      | Noticed Maggie
  8707 | D:7      | Killed Maggie
  8816 | D:7      | Found Gomeoskuiti's Weapon Boutique.
  9783 | D:8      | Reached ***** piety under Okawaru
  9919 | D:8      | Reached XP level 11. HP: 86/86 MP: 16/16
 10336 | D:7      | Bought a pair of spiked boots for 218 gold pieces
 10336 | D:7      | Identified the +0 pair of boots of Kis Sev {rPois} (You
                  | bought it in a shop on level 7 of the Dungeon)
 10569 | D:9      | Found a staircase to the Lair.
 10614 | D:9      | Noticed a two-headed ogre
 10967 | D:9      | Reached skill level 10 in Polearms
 11080 | D:9      | Killed a two-headed ogre
 11137 | D:9      | Received a gift from Okawaru
 11742 | D:10     | Entered Level 10 of the Dungeon
 11794 | D:10     | Found a transporter.
 11834 | D:10     | Found a transporter.
 11848 | D:10     | Reached skill level 10 in Shields
 11899 | D:10     | Found a snail-covered altar of Cheibriados.
 11899 | D:10     | Found a bloodstained altar of Trog.
 11983 | D:10     | Found a white marble altar of Elyvilon.
 11985 | D:10     | Noticed a two-headed ogre
 11990 | D:10     | Killed a two-headed ogre
 12001 | D:10     | Found a staircase to the Orcish Mines.
 12098 | D:10     | Received a gift from Okawaru
 12514 | D:11     | Noticed Harold
 12522 | D:11     | Killed Harold
 12749 | D:11     | Reached XP level 12. HP: 71/95 MP: 14/18
 12898 | D:11     | Noticed a two-headed ogre
 12904 | D:11     | Killed a two-headed ogre
 12922 | D:11     | Noticed Sonja
 12952 | D:11     | Killed Sonja
 13406 | D:11     | Found an opulent altar of Gozag.
 13499 | D:12     | Received a gift from Okawaru
 13797 | D:12     | Noticed a two-headed ogre
 13798 | D:12     | Noticed a tengu warrior
 13809 | D:12     | Killed a two-headed ogre
 13815 | D:12     | Killed a tengu warrior
 13815 | D:12     | Identified the +0 pair of boots of the Cooper {Stlth+}
                  | (Okawaru gifted it to you on level 12 of the Dungeon)
 13815 | D:12     | Received a gift from Okawaru
 13844 | D:12     | Reached skill level 10 in Fighting
 13906 | D:12     | Reached skill level 10 in Armour
 13910 | D:12     | Reached XP level 13. HP: 87/103 MP: 16/20
 13994 | D:12     | Reached ****** piety under Okawaru
 14057 | D:12     | Reached skill level 10 in Invocations
 15041 | D:12     | Identified the +2 scale mail "Geseimij" {rC+ Int+3 Slay+6}
 16164 | D:13     | Identified the +5 plate armour "Vaozeq" {rF+} (Okawaru
                  | gifted it to you on level 13 of the Dungeon)
 16164 | D:13     | Received a gift from Okawaru
 16279 | D:14     | Noticed a centaur warrior
 16285 | D:14     | Killed a centaur warrior
 16378 | D:14     | Found a gate to the Vaults.
 16378 | D:14     | Noticed a vault guard
 16378 | D:14     | Noticed a vault guard
 16378 | D:14     | Noticed a vault guard
 16378 | D:14     | Noticed a vault guard
 16416 | D:13     | Killed a vault guard
 16430 | D:13     | Killed a vault guard
 16456 | D:13     | Killed a vault guard
 16457 | D:13     | Reached XP level 14. HP: 75/113 MP: 18/22
 17567 | D:14     | Received a gift from Okawaru
 17681 | D:15     | Entered Level 15 of the Dungeon
 18276 | D:15     | Identified the +3 leather armour "Abbischeg" {rF+ Dex+2}
 18300 | D:15     | Found Ythit's General Store.
 18661 | D:15     | Received a gift from Okawaru
 18688 | D:15     | Found a staircase to the Depths.
 19357 | D:15     | Reached XP level 15. HP: 107/120 MP: 21/24
 19684 | Lair:1   | Entered Level 1 of the Lair of Beasts
 19950 | Lair:1   | Noticed Gilleps's ghost (journeyman GrWn)
 19962 | Lair:1   | Found a transporter.
 19965 | Lair:1   | Found a transporter.
 20524 | Lair:2   | Gained mutation: You are agile. (Dex +4, Str/Int -1)
                  | [potion of mutation]
 20524 | Lair:2   | Gained mutation: You are vulnerable to cold. (rC-) [potion
                  | of mutation]
 20524 | Lair:2   | Lost mutation: You are agile. (Dex +4, Str/Int -1) [potion
                  | of mutation]
 20524 | Lair:2   | Gained mutation: You are partially covered in iridescent
                  | scales. (AC +2) [potion of mutation]
 20525 | Lair:2   | Lost mutation: You are partially covered in iridescent
                  | scales. (AC +2) [potion of mutation]
 20525 | Lair:2   | Lost mutation: You are vulnerable to cold. (rC-) [potion of
                  | mutation]
 20525 | Lair:2   | Gained mutation: You are partially covered in iridescent
                  | scales. (AC +2) [potion of mutation]
 20525 | Lair:2   | Gained mutation: Your mind is acute. (Int +4, Str/Dex -1)
                  | [potion of mutation]
 20526 | Lair:2   | Lost mutation: You are partially covered in iridescent
                  | scales. (AC +2) [potion of mutation]
 20526 | Lair:2   | Lost mutation: Your mind is acute. (Int +4, Str/Dex -1)
                  | [potion of mutation]
 20526 | Lair:2   | Gained mutation: You have large cloven feet. [potion of
                  | mutation]
 20992 | Lair:2   | Found a staircase to the Swamp.
 21125 | Lair:2   | Reached skill level 15 in Polearms
 21250 | Lair:3   | Received a gift from Okawaru
 21346 | Lair:3   | Found a staircase to the Snake Pit.
 21626 | Lair:3   | Noticed Kirke
 21639 | Lair:3   | Noticed a sphinx
 21640 | Lair:3   | Killed Kirke
 22404 | Lair:4   | Noticed an azure jelly
 22409 | Lair:4   | Killed an azure jelly
 22409 | Lair:4   | Identified the +5 scale mail of Egrouf {Dex+3} (Okawaru
                  | gifted it to you on level 4 of the Lair of Beasts)
 22409 | Lair:4   | Received a gift from Okawaru
 23092 | Lair:5   | Entered Level 5 of the Lair of Beasts
 23167 | Lair:5   | Reached skill level 15 in Shields
 23283 | Lair:5   | Noticed Nessos
 23547 | Lair:5   | Killed Nessos
 23991 | Orc:1    | Entered Level 1 of the Orcish Mines
 23998 | Orc:1    | Reached XP level 16. HP: 123/130 MP: 22/25
 24026 | Orc:1    | Found Hit Qugi's Antique Armour Emporium.
 24047 | Orc:1    | Found Hubb's Magic Scroll Shop.
 24057 | Orc:1    | Noticed Erica
 24062 | Orc:1    | Killed Erica
 24073 | Orc:1    | Found a frozen archway.
 24089 | IceCv    | Entered an ice cave
 24823 | IceCv    | Got the Teachings on Bloody Firn
 24901 | IceCv    | Found an ancient bone altar of Kikubaaqudgha.
 25398 | Orc:1    | Found Lots's Antique Weapon Boutique.
 25476 | Orc:1    | Bought a pair of embroidered gloves for 157 gold pieces
 25586 | Orc:2    | Entered Level 2 of the Orcish Mines
 26210 | Orc:2    | Identified the +10 scale mail "Juklyf" {Contam Fly MP+9
                  | SInv}
 26362 | Orc:2    | Identified the +3 ring mail of Impermeability {*Slow
                  | Will+++ Int-3 SInv} (Okawaru gifted it to you on level 2 of
                  | the Orcish Mines)
 26362 | Orc:2    | Received a gift from Okawaru
 26938 | Orc:2    | Found Icsa's Antique Armour Emporium.
 26953 | Orc:2    | Found Roungied's Magic Scroll Shoppe.
 27376 | Orc:2    | Found Immuvab's Book Emporium.
 27442 | Orc:2    | Found Myfechus's Jewellery Boutique.
 27669 | Orc:2    | Found a staircase to the Elven Halls.
 28292 | Lair:5   | Found a runed translucent door.
 28293 | Lair:5   | Found a viscous altar of Jiyva.
 28294 | Lair:5   | Noticed an azure jelly
 28294 | Lair:5   | Noticed an azure jelly
 28297 | Lair:5   | Found a staircase to the Slime Pits.
 28636 | Lair:5   | Reached XP level 17. HP: 100/138 MP: 20/27
 29244 | D:10     | HP: 5/138 [briar patch collision (14)]
 29559 | D:10     | Identified the +2 cloak "Sihatyuf" {SInv}
 29587 | D:10     | Upgraded the game from 0.30-a0-223-gcb0039aa0c to
                  | 0.30-a0-241-g1121274140
 29687 | D:7      | Bought the +12 glaive of Prune {vorpal} for 997 gold pieces
 29687 | D:7      | Found the +12 glaive of Prune {vorpal}
 29807 | Snake:1  | Entered Level 1 of the Snake Pit
 29814 | Snake:1  | Noticed Soawkar's ghost (adept GrFi)
 29864 | Snake:1  | Noticed Frances
 29872 | Snake:1  | Killed Frances
 30202 | Snake:1  | Noticed Mlioglotl
 30222 | Snake:1  | Killed Mlioglotl
 30447 | Snake:1  | Identified the +3 pair of boots of the Past {rElec Int+6}
                  | (Okawaru gifted it to you on level 1 of the Snake Pit)
 30447 | Snake:1  | Received a gift from Okawaru
 30585 | Snake:1  | Found Yrphoheuq's Antique Weapon Shoppe.
 30614 | Snake:1  | Found a transporter.
 30621 | Snake:1  | Found a transporter.
 31103 | Snake:1  | Found Yxobby's Book Shoppe.
 31103 | Snake:1  | Found Eraibb's Jewellery Shop.
 31105 | Snake:1  | Found Kipp's Jewellery Shop.
 31392 | Snake:2  | Noticed Nikola
 31407 | Snake:2  | Killed Nikola
 33020 | Snake:3  | Found a flickering gateway to a bazaar.
 33041 | Bazaar   | Entered a bazaar
 33041 | Bazaar   | Found Pecur's Armour Boutique.
 33041 | Bazaar   | Found Ycineif's Antique Armour Emporium.
 33041 | Bazaar   | Found Dawoyh's Armour Emporium.
 33042 | Bazaar   | Found Jucs's Weapon Shoppe.
 33042 | Bazaar   | Found Exukecor's Weapon Shoppe.
 33317 | Bazaar   | Bought a +4 plate armour of poison resistance for 658 gold
                  | pieces
 33377 | Snake:3  | Reached skill level 15 in Invocations
 34019 | Snake:3  | Reached XP level 18. HP: 147/147 MP: 29/29
 34469 | Snake:3  | Identified the ring of Vehumet's Hope {Wiz MP+9 Str+2 Int+4
                  | Dex+4}
 34544 | Snake:3  | Identified the +0 tower shield of Otot {rF+ Int+4 Dex+3}
                  | (Okawaru gifted it to you on level 3 of the Snake Pit)
 34544 | Snake:3  | Received a gift from Okawaru
 34812 | Snake:4  | Entered Level 4 of the Snake Pit
 35134 | Snake:4  | Found Defup's Distillery.
 35140 | Snake:4  | Found Rothrup's Antique Armour Boutique.
 35140 | Snake:4  | Found Xovuepuf's Magic Scroll Shop.
 35164 | Snake:4  | Found Zaprimn's Armour Shop.
 35253 | Snake:4  | Noticed Aizul
 35436 | Snake:4  | Killed Aizul
 36448 | Snake:4  | Reached skill level 15 in Armour
 36464 | Snake:4  | Reached skill level 15 in Fighting
 36518 | Snake:4  | Noticed Vashnia
 36548 | Snake:4  | Killed Vashnia
 36733 | Snake:4  | Got a serpentine rune of Zot
 37443 | Elf:1    | Entered Level 1 of the Elven Halls
 37678 | Elf:1    | Received a gift from Okawaru
 37977 | Elf:1    | Found Jastrovi's Antique Armour Shop.
 38344 | Elf:1    | Reached XP level 19. HP: 152/155 MP: 30/30
 38377 | Elf:1    | Found a bloodstained altar of Trog.
 38511 | Elf:1    | Reached skill level 1 in Axes
 39395 | Lair:1   | Killed Gilleps's ghost
 39724 | Lair:5   | Received a gift from Okawaru
 39724 | Lair:5   | Found the +5 scythe "Finisher" {speed, eviscerate}
 39818 | Swamp:1  | Entered Level 1 of the Swamp
 40137 | Swamp:1  | Reached skill level 5 in Axes
 40880 | Swamp:2  | Noticed a tentacled monstrosity
 41130 | Swamp:2  | Killed a tentacled monstrosity
 42062 | Swamp:3  | Identified the +0 pair of boots "Ruxomu" {Will+} (Okawaru
                  | gifted it to you on level 3 of the Swamp)
 42062 | Swamp:3  | Received a gift from Okawaru
 42086 | Swamp:3  | Identified the ring of the Demon Prince {rC+ rN+ Str+4
                  | Int+3 Slay-6}
 42212 | Swamp:4  | Entered Level 4 of the Swamp
 43138 | Swamp:3  | Reached XP level 20. HP: 138/164 MP: 32/32
 43802 | Swamp:4  | Reached skill level 10 in Axes
 44282 | Swamp:4  | Got a decaying rune of Zot
 45759 | Elf:2    | Found a runed translucent gate.
 45761 | Elf:2    | Found a runed translucent gate.
 45765 | Elf:2    | Found a runed translucent gate.
 46111 | Elf:2    | Identified the +6 short sword of the Lurker {pain, rPois
                  | Int+5 Stlth+} (Okawaru gifted it to you on level 2 of the
                  | Elven Halls)
 46111 | Elf:2    | Received a gift from Okawaru
 46642 | Elf:3    | Entered Level 3 of the Elven Halls
 46665 | Elf:3    | Found Tehedoerch's Weapon Emporium.
 46676 | Elf:3    | Found Tiek's Antique Weapon Emporium.
 46999 | Elf:3    | Identified the +1 robe of Agnosticism {rF- Will+ rCorr}
                  | (Okawaru gifted it to you on level 3 of the Elven Halls)
 46999 | Elf:3    | Received a gift from Okawaru
 47044 | Elf:3    | Noticed an Ice Fiend
 47048 | Elf:3    | Noticed a Hell Sentinel
 47073 | Elf:3    | Reached XP level 21. HP: 106/172 MP: 26/33
 47625 | Elf:3    | Identified the +1 pair of boots of the Pleiades {rN+}
 47629 | Elf:3    | Identified the amulet "Beutenut" {Reflect rN+ SH+5}
 47648 | Elf:3    | Identified the +2 hand axe "Hirchuop" {freeze, rElec rN++
                  | Str+3 Int-2}
 47653 | Elf:3    | Identified the ring of the Death Scarab {Fly rElec Int+4
                  | Dex-3}
 47659 | Elf:3    | Identified the +8 sling of Winter {freeze, rPois Dex+3}
 47732 | Elf:3    | Identified the +10 rapier of Greed {vorpal, Dex+6 Stlth+}
 48051 | Elf:3    | Found Ziemawnu's Antique Armour Shoppe.
 48280 | Elf:3    | Got Gesash's Compilation of Blows and Bruises and Toxins
 49160 | Snake:1  | Killed Soawkar's ghost
 49264 | Slime:1  | Entered Level 1 of the Pits of Slime
 49271 | Slime:1  | Gained mutation: You are somewhat resistant to further
                  | mutation. [a shining eye]
 49947 | Slime:1  | Identified the +1 scale mail "Ryahoen" {rPois rC+ Int+2}
                  | (Okawaru gifted it to you on level 1 of the Pits of Slime)
 49947 | Slime:1  | Received a gift from Okawaru
 51091 | Slime:2  | You fall into a shaft and drop 2 floors!
 52686 | Slime:5  | Entered Level 5 of the Pits of Slime
 52902 | Slime:5  | Reached XP level 22. HP: 181/182 MP: 35/35
 53076 | Slime:4  | Received a gift from Okawaru
 53435 | Slime:5  | Found a viscous altar of Jiyva.
 53443 | Slime:5  | Noticed the Royal Jelly
 53453 | Slime:5  | Killed the Royal Jelly
 53710 | Slime:5  | HP: 7/182 [quicksilver ooze (4)]
 53712 | Slime:5  | Mangled by a quicksilver ooze

Illustrated notes

Levels and vault maps discovered:
D:1:      reono_arrival_mine, layout_basic, chequers_ecumenical_altar_island
D:2:      layout_basic, minmay_hexomino_r4
D:3:      layout_basic, mainiacjoe_overflow_large_starburst,
          kennysheep_orc_chapel, uniq_natasha, uniq_ijyb
D:4:      layout_loops_cross, minmay_temple_entry_crystal_x,
          serial_bayou_pond_e, serial_bayou_pond_d, nicolae_shop_gadgets
D:5:      layout_basic, nicolae_overflow_crystal_walls
D:6:      layout_loops_cross, chequers_ossuary_entry_cave, uniq_eustachio
D:7:      layout_loops_cross, enter_bailey_5, serial_shops,
          nicolae_take_the_stairs, nicolae_shop_bloodbath_and_beyond, shop,
          nicolae_shop_behind_doors, shop, uniq_maggie, uniq_duvessa
D:8:      layout_loops_ring
D:9:      kennysheep_ambush_hall, layout_basic, lair_entry_dummy,
          minmay_misc_feat_plants
D:10:     gammafunk_worm_tunnel, layout_basic, elyvilon_altar_1,
          gammafunk_temple_overflow_wave, orc_0_dummy
D:11:     layout_basic, grunt_gozag_statues, uniq_harold, uniq_sonja
D:12:     minmay_the_grid_3x3 [minmay_the_grid_minigrid_small,
          minmay_the_grid_diamond_grid, minmay_the_grid_slots,
          minmay_the_grid_small_cups, minmay_the_grid_outer_diamond,
          minmay_the_grid_large_cup, minmay_the_grid_tiny_cups,
          minmay_the_grid_fan, minmay_the_grid_prize_four_corners], layout_basic
D:13:     layout_small_grid
D:14:     layout_small_grid, lightli_vaults_fourway_checkpoint,
          roderic_serpentine_path
D:15:     hangedman_depths_entry_civil_slaughter, layout_gridville,
          serial_shops, nicolae_shop_behind_doors, solitary_fountain,
          minmay_tree_intersection, grunt_ministairs_9
Temple:   eino_temple_rhombus
Lair:1:   layout_loops_ring, gammafunk_ghost_arena, grunt_megastairs_3
Lair:2:   layout_big_grid, minmay_swamp_entry_worms, serial_bayou_lake_a
Lair:3:   layout_loops_ring, minmay_snake_entry_spellcaster, grunt_megastairs_1,
          lemuel_fruit_tree, uniq_kirke
Lair:4:   layout_loops_ring, nicolae_lair_time_for_slime, grunt_megastairs_4,
          serial_bayou_shore_a
Lair:5:   grunt_lair_end_beastmaster, layout_regular_city, slime_entry_2,
          grunt_forest_large_clearing_hut, infiniplex_staircase_pool,
          uniq_nessos
Swamp:1:  layout_basic_swamp, hangedman_swamp_ruin_wall
Swamp:2:  layout_falls_marsh, serial_swamp_ruin, hangedman_swamp_ruin_hall,
          evilmike_swamp_ruin_house_2, swamp_pool2
Swamp:3:  layout_basic_swamp, evilmike_swamp_ruin_rubble_1, swamp_pool1,
          hangedman_swamp_double_dragon
Swamp:4:  swamp, layout_basic_swamp, swamp_pool1, nicolae_swamp_triple_paths,
          nicolae_swamp_treefoil
Snake:1:  layout_chambers, serial_shops, shop, gammafunk_ghost_arena,
          st_stairs_14, minmay_shop_grove, uniq_mlioglotl, uniq_frances
Snake:2:  layout_grid_maze, uniq_nikola
Snake:3:  layout_onion, serial_shops, bzr_entry_water, nicolae_integral_box
Snake:4:  grunt_snake_rune_serpentine_throne, layout_layer_cave,
          minmay_shoptagon, uniq_aizul
Slime:1:  layout_caves, cheibrodos_slime_lost_civilization_6
Slime:2:  nicolae_slime_pool, layout_caves
Slime:3:  layout_caves
Slime:4:  layout_caves
Slime:5
Orc:1:    layout_caves, basic_altar, portal_ice_cave_entry_ice_simulacra,
          serial_shops, nicolae_diamond_shop, shop, nicolae_shop_trees,
          uniq_erica
Orc:2:    pubby_orc_utopia, serial_shops
Elf:1:    minmay_elf_arrival_summoners, layout_gridlike, serial_shops, shop,
          minivault_28, evilmike_spriggan_trog_shrine
Elf:2:    nicolae_elf_blades_splatter_lattice
          [nicolae_vaults_blade_armed_guards], layout_rooms
Elf:3:    grunt_elf_hall_diamonds, layout_loops_corners, serial_shops,
          nicolae_shop_statue_plus, due_unseen_surprise, minmay_shop_star

Skill      XL: |  1  2  3  4  5  6  7  8  9 10 11 12 13 14 15 16 17 18 19 20 21 |
---------------+----------------------------------------------------------------+-----
Polearms       | 3 4 5 6 8 9 10 12 13 14 15 16 17 18 20 | 20.9
Fighting       | 4 5 6 7 9 10 11 12 13 14 15 16 17 | 17.6
Armour         | 4 5 6 7 9 10 11 12 13 14 15 16 17 | 17.6
Shields        | 5 6 7 8 9 10 11 12 14 15 16 17 18 19 20 | 20.6
Invocations    | 1 2 4 5 6 8 9 10 12 13 14 15 16 17 18 | 18.5
Axes           | 9 13 | 13.6

Action                   |  1- 3 |  4- 6 |  7- 9 | 10-12 | 13-15 | 16-18 | 19-21 | 22-24 || total
-------------------------+-------+-------+-------+-------+-------+-------+-------+-------++-------
Melee: Trident           |    95 |       |       |       |       |       |       |       ||    95
       Halberd           |     4 |   156 |   324 |   208 |       |       |       |       ||   692
       Dagger            |       |       |       |    13 |       |       |       |       ||    13
       Glaive            |       |       |       |   260 |    30 |   725 |   502 |       ||  1517
       Lajatang          |       |       |       |    29 |   594 |   513 |       |       ||  1136
       Quick blade       |       |       |       |       |    43 |       |       |       ||    43
       Demon trident     |       |       |       |       |    35 |    54 |   163 |       ||   252
       Scythe            |       |       |       |       |       |       |   746 |   127 ||   873
Throw: Dart              |       |       |       |     7 |       |       |       |       ||     7
Invok: Heroism           |       |       |     2 |     3 |     5 |    11 |    11 |     3 ||    35
       Finesse           |       |       |       |       |       |     4 |     3 |     1 ||     8
 Abil: Dig               |       |       |     1 |       |       |     2 |     1 |       ||     4
Evoke: Wand              |       |       |       |       |     2 |       |       |       ||     2
       Phial of floods   |       |       |       |       |       |       |       |     1 ||     1
  Use: Scroll            |       |     3 |    10 |     4 |     9 |     4 |     1 |       ||    31
       Potion            |       |       |     3 |     2 |     8 |     2 |       |     4 ||    19
 Stab: Distracted        |       |       |       |       |     6 |     7 |       |       ||    13
       Petrified         |       |       |       |       |       |     2 |       |       ||     2
       Petrifying        |       |       |       |       |       |     1 |       |       ||     1
       Confused          |       |       |       |       |       |       |     1 |       ||     1
Armor: Scale mail        |    32 |    52 |    46 |       |    11 |    20 |       |       ||   161
       Chain mail        |       |       |   111 |   117 |       |       |       |       ||   228
       Plate armour      |       |       |       |    84 |   333 |   510 |   566 |    57 ||  1550
Dodge: Dodged            |    31 |    56 |   147 |   154 |   168 |   247 |   230 |    27 ||  1060
Block: Buckler           |    22 |    17 |       |       |       |       |       |       ||    39
       Kite shield       |       |    57 |   218 |   302 |   408 |   842 |    26 |       ||  1853
       Tower shield      |       |       |       |       |       |       |  1110 |   154 ||  1264
       Reflection        |       |       |       |       |       |       |     6 |     5 ||    11

Table legend: (Time is in decaauts)
 A = Elapsed time spent in this place.
 B = Non-inter-level travel time spent in this place.
 C = Inter-level travel time spent in this place.
 D = Time resting spent in this place.
 E = Time spent auto-exploring this place.
 F = Levels seen in this place.
 G = Mean time per level.
                   A        B        C        D        E       F      G
               +--------+--------+--------+--------+--------+-----+--------+
         Total |  53772 |  49404 |   4368 |  14287 |  18541 |  43 | 1250.5 |
       Dungeon |  19951 |  18406 |   1545 |   4274 |   9048 |  15 | 1330.1 |
        Temple |    208 |    191 |     17 |      0 |    179 |   1 |  208.0 |
          Lair |   6517 |   5492 |   1025 |   1463 |   2690 |   5 | 1303.4 |
         Swamp |   4920 |   4685 |    235 |   1605 |   1440 |   4 | 1230.0 |
     Snake Pit |   7276 |   6862 |    414 |   2046 |   1546 |   4 | 1819.0 |
    Slime Pits |   4292 |   4132 |    160 |   2205 |    752 |   5 |  858.4 |
  Orcish Mines |   3154 |   2592 |    562 |    448 |    873 |   2 | 1577.0 |
   Elven Halls |   5076 |   4668 |    408 |   1229 |   1590 |   3 | 1692.0 |
        Bazaar |    303 |    303 |      0 |    247 |      0 |   1 |  303.0 |
       Ossuary |    334 |    334 |      0 |    108 |     49 |   1 |  334.0 |
        Bailey |    563 |    563 |      0 |    201 |    101 |   1 |  563.0 |
      Ice Cave |   1172 |   1172 |      0 |    461 |    271 |   1 | 1172.0 |
               +--------+--------+--------+--------+--------+-----+--------+

Top non-repeatable levels by time:
   Orc:2: 2584 daAuts
     D:3: 2237 daAuts
    D:12: 2110 daAuts
 Swamp:3: 2093 daAuts
   Elf:3: 2048 daAuts
 Snake:4: 2001 daAuts
  Lair:5: 1865 daAuts
 Snake:3: 1818 daAuts
 Snake:2: 1788 daAuts
   Elf:2: 1677 daAuts
 Snake:1: 1667 daAuts
    D:15: 1544 daAuts
     D:5: 1485 daAuts
  Lair:4: 1466 daAuts
     D:8: 1465 daAuts
